 Dungeon Crawl Stone Soup version 0.28.0-47-ge53b351184 (webtiles) character file.

Game seed: 2185860117010031734

203 Keeper01 the Skirmisher (level 5, 0/42 HPs)
             Began as a Demonspawn Abyssal Knight on May 9, 2022.
             Was a Believer of Lugonu.
             Succumbed to a scorpion's poison
             ... on level 4 of the Dungeon.
             The game lasted 00:18:46 (3781 turns).

Keeper01 the Skirmisher (Demonspawn Abyssal Knight) Turns: 3781, Time: 00:18:47

Health: 0/42       AC: 10    Str: 12 (15) XL:     5   Next: 51%
Magic:  7/7        EV: 10    Int: 10 (11) God:    Lugonu [**....]
Gold:   102        SH:  3    Dex: 11 (14) Spells: 4/4 levels left

rFire   . . .      SeeInvis .   a - +1 short sword
rCold   . . .      Faith    .   k - +0 buckler
rNeg    . . .      Spirit   .   l - +0 ring mail
rPois   .          Reflect  .   r - +0 helmet
rElec   .          Harm     .   m - +0 cloak
rCorr   .          Rampage  .   (no gloves)
Will    .....                   (no boots)
Stlth   +.........              (no amulet)
HPRegen 0.14/turn               (no ring)
MPRegen 0.10/turn               (no ring)

@: lethally poisoned (0 -> -9), hasted, very quick
A: thin metallic scales 1, demonic touch 1
a: Renounce Religion, Depart the Abyss, Bend Space


You were on level 4 of the Dungeon.
You worshipped Lugonu.
Lugonu was pleased with you.
You visited 1 branch of the dungeon, and saw 4 of its levels.
You visited the Abyss 1 time.

You collected 102 gold pieces.

Inventory:

Hand Weapons
 a - a +1 short sword (weapon)
 d - a +0 dagger
 g - a +0 spear
Missiles
 c - 42 bolts
 e - 4 poisoned darts
Armour
 b - a +0 leather armour
 k - a +0 buckler (worn)
 l - a +0 ring mail (worn)
 m - a +0 cloak (worn)
 r - a +0 helmet (worn)
Jewellery
 p - a ring of magical power
Scrolls
 h - a scroll of amnesia {unknown}
 i - a scroll of teleportation {unknown}
 j - a scroll of identify {unknown}
 n - a scroll of silence {unknown}
 s - a scroll of blinking {unknown}


   Skills:
 + Level 3.7 Fighting
 + Level 3.2 Short Blades
 + Level 3.2 Armour
 + Level 1.9 Dodging
 + Level 0.2 Stealth
 + Level 0.5 Shields
 + Level 2.7 Invocations


You had 4 spell levels left.
You didn't know any spells.
Your spell library contained the following spells:

 Spells                   Type           Power      Damage    Failure   Level
 Sandblast                Erth           0%         2d4       75%         1
 Passwall                 Tmut/Erth      0%         N/A       86%         2
 Stone Arrow              Conj/Erth      0%         3d7       98%         3


Dungeon Overview and Level Annotations

Branches:
Dungeon (4/15)
 Temple: D:4-7

Altars:
Cheibriados
Gozag
Okawaru
Xom

Shops:
D:4 **=?

Annotations:
D:3 Sigmund


Innate Abilities, Weirdness & Mutations

You are partially covered in thin metallic scales. (AC +2)
Your touch may inflict minor irresistible damage on your foes.


Message History

The scorpion poisons you!
You barely miss the scorpion.
The scorpion is heavily wounded.
You feel very sick. The scorpion closely misses you.
You hit the scorpion.
The scorpion is heavily wounded.
You feel sick.
The scorpion stings you but does no damage.
You hit the scorpion but do no damage.
The scorpion is heavily wounded.
You feel sick.
The scorpion stings you but does no damage. x2
You hit the scorpion but do no damage.
The scorpion is heavily wounded.
You feel sick. The scorpion closely misses you.
You hit the scorpion.
The scorpion is almost dead.
You feel sick.
The scorpion stings you but does no damage.
You completely miss the scorpion.
The scorpion is almost dead.
You feel sick. The scorpion stings you.
* * * LOW HITPOINT WARNING * * *
You are lethally poisoned!
The scorpion poisons you!
It was a potion of degeneration.
There was something very wrong with that liquid.
You feel weakened.
You feel dopey.
You feel clumsy.
* * * LOW HITPOINT WARNING * * *
You feel very sick. The scorpion stings you.
* * * LOW HITPOINT WARNING * * *
You hit the scorpion.
The scorpion is almost dead.
* * * LOW HITPOINT WARNING * * *
You feel very sick. The scorpion barely misses you.
It was a potion of haste.
You feel yourself speed up.
You die...

....###. #.#
........ .# #.#
....#### #.# #.#
.)<..... ....
#.# #.#######.#
..... (.#
#....####.#
##..... ...
#.∩.#.....#
###.....$.
.....# #.#
#####.........
..#..# #.#
#..@s.........
...#.## #.#
#.###.##.....#
......###.####.#
#.# .....
...............#
#.# ...#
......###.######
#.# ###
......#...# #.#
..........# #.#
........... #..
##.........


You could see a scorpion.

Vanquished Creatures
  An ogre (D:4)
  A bullfrog skeleton (D:4)
  3 adders
  A worm (D:2)
  4 orcs (D:3)
  8 endoplasms
  3 giant cockroaches
  5 goblins
  2 hobgoblins (D:1)
  6 jackals
  4 quokkas
  3 ball pythons (D:1)
  2 bats
  3 frilled lizards
  4 kobolds
  5 rats
55 creatures vanquished.

Notes
Turn   | Place    | Note
-------+----------+-------------------------------------------
     0 | Abyss:1  | Keeper01 the Demonspawn Abyssal Knight began the quest for
                  | the Orb.
     0 | Abyss:1  | Reached XP level 1. HP: 18/18 MP: 2/2
    13 | D:1      | Escaped the Abyss
   397 | D:1      | Gained mutation: Your touch may inflict minor irresistible
                  | damage on your foes. [demonic ancestry]
   397 | D:1      | Reached XP level 2. HP: 22/24 MP: 3/3
   525 | D:1      | Reached skill level 1 in Dodging
   759 | D:1      | Reached ** piety under Lugonu
  1274 | D:2      | Gained mutation: You are partially covered in thin metallic
                  | scales. (AC +2) [demonic ancestry]
  1274 | D:2      | Reached XP level 3. HP: 15/29 MP: 4/4
  2790 | D:3      | Noticed Sigmund
  2795 | D:4      | Found Rioqib's Jewellery Boutique.
  2839 | D:4      | Found Citsono's General Store.
  2923 | D:4      | Reached XP level 4. HP: 25/36 MP: 5/5
  3122 | D:4      | Found Luezul's Magic Scroll Shop.
  3244 | D:4      | Found a shimmering altar of Xom.
  3247 | D:4      | Found a snail-covered altar of Cheibriados.
  3250 | D:4      | Found an opulent altar of Gozag.
  3272 | D:4      | Found an iron altar of Okawaru.
  3510 | D:4      | Noticed an ogre
  3513 | D:4      | Found Texipsin's Assorted Antiques.
  3521 | D:4      | Killed an ogre
  3522 | D:4      | Reached XP level 5. HP: 17/42 MP: 5/7
  3780 | D:4      | HP: 2/42 [poisoned by a scorpion]
  3781 | D:4      | Succumbed to a scorpion's poison

Illustrated notes

Levels and vault maps discovered:
D:1:      amcnicky_arrival_feature_with_door, layout_basic
D:2:      layout_loops_corners, uniq_terence
D:3:      layout_basic, hellmonk_ecumenical_altar_inner_sanctum, uniq_sigmund
D:4:      layout_loops_ring, grunt_temple_overflow_cloverleaf,
          minmay_temple_entry_nine_rooms, serial_shops, shop,
          nicolae_shop_stone, nicolae_stop_n_shop_2, shop

Skill      XL: |  1  2  3  4 |
---------------+-------------+-----
Armour         | 2 3 |  3.2
Dodging        | 1 |  1.9
Short Blades   | 2 3 |  3.2
Fighting       | |  3.7
Stealth        | |  0.2
Shields        | |  0.5
Invocations    | |  2.7

Action                   |  1- 3 |  4- 6 || total
-------------------------+-------+-------++-------
Melee: Short sword       |   149 |    58 ||   207
       Touch             |     9 |       ||     9
Invok: Bend Space        |     1 |       ||     1
  Use: Potion            |       |     3 ||     3
Armor: Leather armour    |    23 |       ||    23
       Ring mail         |    48 |    27 ||    75
Dodge: Dodged            |    84 |    20 ||   104
Block: Buckler           |    16 |     4 ||    20
